 Dungeon Crawl Stone Soup version 0.28.0 (webtiles) character file.

Game seed: 1234483635803926617

6799 dolemite99 the Grappler (level 10, -1/120 HPs)
             Began as a Demonspawn Gladiator on Feb 13, 2022.
             Was an Elder of Wu Jian.
             Succumbed to a gnoll's poison
             ... on level 9 of the Dungeon.
             The game lasted 00:12:48 (12844 turns).

dolemite99 the Grappler (Demonspawn Gladiator)     Turns: 12844, Time: 00:12:49

Health: -1/120     AC: 25    Str: 16 (18) XL:     10   Next: 76%
Magic:  3/10       EV:  2    Int:  8 (11) God:    Wu Jian [****..]
Gold:   528        SH:  3    Dex: 14 (17) Spells: 9/9 levels left

rFire   . . .      SeeInvis .   a - +7 hunting sling of Koneffar {vorpal, rElec Will++ rCorr Dex+3}
rCold   . . .      Faith    .   e - +0 buckler
rNeg    . . .      Spirit   +   (armour currently unavailable)
rPois   +          Reflect  .   (helmet currently unavailable)
rElec   +          Harm     .   (cloak currently unavailable)
rCorr   +          Rampage  .   (gloves currently unavailable)
Will    ++...      NoTele   +   (boots currently unavailable)
Stlth   +.........              (no amulet)
HPRegen 0.30/turn               (no ring)
MPRegen 0.24/turn               (no ring)

@: lethally poisoned (-1 -> -7), tree-form
A: stationary, stasis, torment immunity, boosted hp, (claws 1), (horns 1), foul
stench 1, magic shield, magic regeneration, (weakness stinger 1)
a: Renounce Religion, Wall Jump, Serpent's Lash


You were on level 9 of the Dungeon.
You worshipped Wu Jian.
Wu Jian was greatly pleased with you.
You were a tree.
You visited 1 branch of the dungeon, and saw 10 of its levels.
You also visited: Sewer.

You collected 528 gold pieces.

Inventory:

Hand Weapons
 a - the +7 hunting sling of Koneffar (weapon) {vorpal, rElec Will++ rCorr Dex+3}
   (You found it on level 3 of the Dungeon)

   Any ammunition fired from it inflicts extra damage upon your enemies.
   Dex:       It affects your dexterity (+3).
   rElec:     It insulates you from electricity.
   rCorr:     It protects you from acid and corrosion.
   Will:      It greatly increases your willpower.
 x - a +1 war axe
Missiles
 d - 4 throwing nets
 i - 130 arrows
 o - 57 stones (quivered ammo)
 w - 7 sling bullets
 F - 5 boomerangs
 H - 5 javelins
Armour
 c - a +0 helmet
 e - a +0 buckler (worn)
 k - a +0 ring mail
 n - a +0 pair of boots (melded)
 p - a +0 plate armour (melded)
 y - a +0 buckler
Magical Staves
 q - a staff of poison
 G - a staff of earth
Jewellery
 t - a +6 ring of intelligence
Wands
 E - a wand of flame (10)
Scrolls
 g - a scroll of fear {unknown}
 v - a scroll of enchant weapon
Potions
 b - 2 potions of cancellation
 f - 4 potions of flight
 l - 2 potions of attraction
 m - 3 potions of might
 r - 3 potions of lignification
 s - 2 potions of brilliance
 z - a potion of invisibility {unknown}
 A - 2 potions of magic
 B - a potion of mutation {unknown}
 C - a potion of resistance {unknown}


   Skills:
 + Level 8.0 Fighting
 - Level 3.5 Axes
 - Level 6.8(7.0) Slings
 - Level 1.7(4.6) Throwing
 - Level 6.7 Armour
 - Level 2.6 Dodging
 * Level 9.0 Unarmed Combat


You had 9 spell levels left.
You didn't know any spells.
Your spell library contained the following spells:

 Spells                   Type           Power      Damage    Failure   Level
 Sandblast                Erth           0%         2d4       52%         1
 Passwall                 Tmut/Erth      0%         N/A       65%         2
 Static Discharge         Conj/Air       0%         N/A       65%         2
 Ignite Poison            Fire/Tmut/Pois 0%         N/A       87%         3
 Mephitic Cloud           Conj/Pois/Air  0%         N/A       87%         3
 Stone Arrow              Conj/Erth      0%         3d7       87%         3
 Animate Armour           Summ/Erth      0%         N/A       99%         4
 Passage of Golubria      Tloc           0%         N/A       99%         4
 Freezing Cloud           Conj/Ice/Air   0%         6-21      100%        5
 Lightning Bolt           Conj/Air       0%         1d11      100%        5
 Silence                  Hex/Air        0%         N/A       100%        5
 Lehudib's Crystal Spear  Conj/Erth      0%         10d2      100%        8
 Maxwell's Capacitive Co  Air            0%         ∞         100%        8


Dungeon Overview and Level Annotations

Branches:
Dungeon (10/15)            Temple (0/1) D:5           Sewer (visited)
   Lair: D:8-11         Orc: D:9-12

Altars:
Dithmenos
Gozag
Okawaru
Qazlal
Ru
Sif Muna
Trog
Wu Jian

Shops:
D:2 =

Annotations:
D:7 1 runed translucent door, Kalaber's ghost, novice TrMo
D:8 4 runed translucent doors, exclusion: downstairs


Innate Abilities, Weirdness & Mutations

You are a tree.
Your roots penetrate the ground, keeping you stationary.
You cannot be teleported.
You are immune to unholy pain and torment.
Your maximum health is greatly increased.
Your equipment is partially melded.
((You have sharp fingernails.))
((You have a pair of small horns on your head.))
You may rarely emit foul miasma when damaged in melee.
When hurt, damage is shared between your health and your magic reserves.
You regenerate magic rapidly.
((You have a small tail.))


Message History

You turn into a tree.
Your +0 pair of boots melds into your body.
Your +0 plate armour melds into your body.
Your roots penetrate the ground.
You feel sick. The orc hits you but does no damage.
The gnoll hits you from afar with a +0 spear.
* * * LOW HITPOINT WARNING * * *
The gnoll hits you with a +0 war axe.
* * * LOW HITPOINT WARNING * * *
The gnoll hits you from afar with a +2 spear of venom.
* * * LOW HITPOINT WARNING * * *
You are lethally poisoned!
Fire: 61 stones
Press: ? - help, Q - select action, (/) - cycle Shift-Dir - straight line, f - orc
Aim: an orc, wielding a +0 dagger (72% to hit)
You shoot a stone. The stone hits the orc!
You kill the orc!
The Council accepts your kill.
* * * LOW HITPOINT WARNING * * *
You feel very sick.
The gnoll hits you but does no damage. x2; You block the gnoll's attack.
Fire: 60 stones
Press: ? - help, Q - select action, (/) - cycle Shift-Dir - straight line, f - gnoll
Aim: a gnoll, wielding a +0 war axe, wearing a +6 ring of strength and quivering 2 throwing nets (75% to hit)
You shoot a stone. The stone hits the gnoll!
The gnoll is severely wounded.
* * * LOW HITPOINT WARNING * * *
You feel sick. The gnoll hits you but does no damage.
Fire: 59 stones
Press: ? - help, Q - select action, (/) - cycle Shift-Dir - straight line, f/p - gnoll
Aim: a gnoll, wielding a +0 war axe, wearing a +6 ring of strength and quivering 2 throwing nets (severely wounded, 75% to hit)
You shoot a stone. The stone closely misses the gnoll.
* * * LOW HITPOINT WARNING * * *
You feel sick.
The gnoll hits you but does no damage. x3
Fire: 58 stones
Press: ? - help, Q - select action, (/) - cycle Shift-Dir - straight line, f/p - gnoll
Aim: a gnoll, wielding a +0 war axe, wearing a +6 ring of strength and quivering 2 throwing nets (severely wounded, 75% to hit)
You shoot a stone. The stone hits the gnoll.
The gnoll is almost dead.
You die...

####### ##.....##
##..>....## #######.#.#
#.........####..<......#
#..........)...#####..##
#.......).##########.#
###......)..# #....#..#
.##.........# #....#.#
.##.........# #♣)....#
..#.........# #g(...##
#...........# #.gg.##
......y(....# #....#
###.....(...# #.†..#
##......y.## #....#
##..#..(...# #....#
#..#####.#..####(.###
#.## #.##...#..##


You could see 3 gnolls.

Vanquished Creatures
  A tengu warrior (D:8)
  Pikel (D:7)
  A deep elf pyromancer (D:9)
  A slime creature (D:8)
  2 wyverns (D:8)
  3 yaks (D:9)
  A golden eye (D:9)
  Eustachio (D:4)
  A steam dragon (D:6)
  Menkaure (D:5)
  Edmund (D:6)
  4 water moccasins
  3 orc warriors
  A sky beast (D:5)
  2 black bears
  3 ice beasts
  3 ogres
  A necrophage (D:7)
  2 centaurs
  A phantom (D:5)
  A lemure (D:7)
  Blork the orc (D:4)
  2 bullfrogs (D:8)
  2 kobold brigands (Sewer)
  2 gnoll sergeants
  2 wyvern zombies (D:8)
  A scorpion (D:5)
  A wyvern skeleton (D:7)
  2 water moccasin skeletons
  2 howler monkeys
  2 gnoll shamans
  A bullfrog zombie (D:7)
  7 orc priests
  A hound (D:6)
  4 bullfrog skeletons
  3 jellies
  An iguana (D:4)
  Natasha (D:2)
  9 orc wizards
  A killer bee zombie (D:5)
  A hound skeleton (D:4)
  8 gnolls (D:8)
  4 adders
  3 shadow imps
  5 white imps
  A worm (Sewer)
  A dart slug (D:3)
  32 orcs
  5 bats
  8 endoplasms
  7 giant cockroaches
  8 goblins
  12 hobgoblins
  7 jackals
  10 kobolds
  6 quokkas
  12 ball pythons
  5 frilled lizards
  7 rats
222 creatures vanquished.

Vanquished Creatures (others)
  5 fungi (D:2)
  8 plants
13 creatures vanquished.

Grand Total: 235 creatures vanquished

Notes
Turn   | Place    | Note
-------+----------+-------------------------------------------
     0 | D:1      | dolemite99 the Demonspawn Gladiator began the quest for the
                  | Orb.
     0 | D:1      | Reached XP level 1. HP: 16/16 MP: 1/1
   471 | D:1      | Discovered your monstrous ancestry.
   471 | D:1      | Gained mutation: You have sharp fingernails. [demonic
                  | ancestry]
   471 | D:1      | Reached XP level 2. HP: 22/22 MP: 2/2
  1441 | D:2      | Reached skill level 1 in Unarmed Combat
  1499 | D:2      | Found Gaemav's Jewellery Emporium.
  1576 | D:2      | Gained mutation: You may rarely emit foul miasma when
                  | damaged in melee. [demonic ancestry]
  1576 | D:2      | Reached XP level 3. HP: 19/27 MP: 3/3
  1913 | D:2      | Noticed Natasha
  1931 | D:2      | Killed Natasha
  1932 | D:2      | Reached skill level 2 in Unarmed Combat
  2068 | D:2      | Found a faded altar of an unknown god.
  2135 | D:2      | Found a shimmering blue altar of Sif Muna.
  2275 | D:3      | Found an ornate altar of the Wu Jian Council.
  2283 | D:3      | Gained mutation: You have a small tail. [demonic ancestry]
  2283 | D:3      | Reached XP level 4. HP: 32/33 MP: 4/4
  2290 | D:3      | Became a worshipper of the Wu Jian Council
  2412 | D:3      | Identified the +7 hunting sling of Koneffar {vorpal, rElec
                  | Will++ rCorr Dex+3}
  2819 | D:3      | Found a stormy altar of Qazlal.
  3017 | D:4      | Noticed a water moccasin
  3023 | D:4      | Killed a water moccasin
  3024 | D:4      | Reached skill level 3 in Unarmed Combat
  3024 | D:4      | Gained mutation: You regenerate magic rapidly. [demonic
                  | ancestry]
  3024 | D:4      | Reached XP level 5. HP: 38/38 MP: 5/5
  3103 | D:4      | Reached XP level 6. HP: 38/44 MP: 6/6
  3223 | D:4      | Found a bloodstained altar of Trog.
  3259 | D:4      | Reached * piety under Wu Jian
  3278 | D:4      | Found a sacrificial altar of Ru.
  3282 | D:4      | Noticed Eustachio
  3299 | D:4      | Killed Eustachio
  3300 | D:4      | Reached XP level 7. HP: 31/50 MP: 7/7
  3455 | D:4      | Reached skill level 5 in Slings
  3567 | D:4      | Found a glowing drain.
  3589 | Sewer    | Entered a sewer
  4124 | D:4      | Reached ** piety under Wu Jian
  4323 | D:4      | Noticed Blork the orc
  4329 | D:4      | Killed Blork the orc
  4531 | D:4      | Reached XP level 8. HP: 32/56 MP: 8/8
  4721 | D:5      | Entered Level 5 of the Dungeon
  4721 | D:5      | Noticed Menkaure
  4725 | D:5      | Reached skill level 1 in Armour
  4729 | D:5      | Killed Menkaure
  5410 | D:5      | Reached skill level 5 in Armour
  5900 | D:5      | Found a staircase to the Ecumenical Temple.
  6093 | D:6      | Found a shadowy altar of Dithmenos.
  6098 | D:6      | Found an opulent altar of Gozag.
  6180 | D:6      | Gained mutation: You have a pair of small horns on your
                  | head. [demonic ancestry]
  6180 | D:6      | Reached XP level 9. HP: 27/61 MP: 9/9
  6755 | D:6      | Noticed Edmund
  6772 | D:6      | Killed Edmund
  7636 | D:6      | Found an iron altar of Okawaru.
  8133 | D:7      | Found a runed translucent door.
  8133 | D:7      | Noticed Kalaber's ghost (novice TrMo)
  8464 | D:7      | Reached skill level 5 in Fighting
  8508 | D:7      | Reached skill level 4 in Unarmed Combat
  9053 | D:7      | Noticed Pikel
  9072 | D:7      | Killed Pikel
  9073 | D:7      | Reached skill level 5 in Unarmed Combat
  9295 | D:7      | Reached *** piety under Wu Jian
  9313 | D:7      | Identified the +2 ring mail of the Past {MP-9 Int-5 Dex+7}
  9744 | D:8      | Reached skill level 6 in Unarmed Combat
 10259 | D:8      | Gained mutation: When hurt, damage is shared between your
                  | health and your magic reserves. [demonic ancestry]
 10259 | D:8      | Reached XP level 10. HP: 77/77 MP: 10/10
 10460 | D:8      | Found a large runed translucent door.
 10460 | D:8      | Found a large runed translucent door.
 10462 | D:8      | Noticed a cyan ugly thing
 10470 | D:8      | Found a large runed translucent door.
 10470 | D:8      | Found a large runed translucent door.
 10942 | D:8      | Reached skill level 7 in Unarmed Combat
 11371 | D:8      | Noticed a tengu warrior
 11389 | D:8      | Killed a tengu warrior
 11891 | D:9      | Reached skill level 8 in Unarmed Combat
 12343 | D:9      | Noticed a deep elf pyromancer
 12363 | D:9      | Killed a deep elf pyromancer
 12366 | D:9      | HP: 6/120 [burnt (2)]
 12387 | D:10     | Entered Level 10 of the Dungeon
 12753 | D:10     | Reached **** piety under Wu Jian
 12840 | D:9      | Reached skill level 9 in Unarmed Combat
 12841 | D:9      | HP: 5/120 [poisoned by a gnoll]
 12843 | D:9      | HP: 1/120 [poisoned by a gnoll]
 12844 | D:9      | Succumbed to a gnoll's poison

Illustrated notes

Levels and vault maps discovered:
D:1:      roderic_crossed_star, layout_loops_ring,
          chequers_serial_rivers_small_3, minmay_hexomino_f4
D:2:      layout_rooms, serial_shops, shop,
          dreamdust_ecumenical_altar_hidden_monk_grotto, basic_altar,
          uniq_natasha
D:3:      layout_basic, mainiacjoe_overflow_tiny_flanked, grunt_qazlal_sundering
D:4:      minmay_evil_eye, layout_basic, bloody_trog, hangedman_ru_absence,
          portal_sewer_entry_f, uniq_blork_the_orc, uniq_eustachio
D:5:      layout_layer_cave, minmay_temple_entry_overgrown, uniq_menkaure
D:6:      layout_cave_pods, nicolae_overflow_squiral, okawaru_ov_weapons_minmay,
          uniq_edmund
D:7:      layout_loops_cross, enter_bailey_4, hellmonk_ghost_happy_afterlife,
          uniq_pikel
D:8:      layout_loops_ring, minmay_hollow_rounded_squares
D:9:      layout_rooms, mainiacjoe_overflow_chevrons,
          gammafunk_ghost_nasty_kobolds, minmay_misc_feat_five
D:10:     layout_gridville, david_orc_4, chequers_serial_rivers_room_b,
          amcnicky_mini_pool_small, grunt_decor_junction

Skill      XL: |  1  2  3  4  5  6  7  8  9 10 |
---------------+-------------------------------+-----
Axes           | 3 |  3.5
Unarmed Combat | 1 2 3 6 9 |  9.0
Slings         | 2 4 6 |  6.8
Armour         | 6 |  6.7
Fighting       | 6 8 |  8.0
Throwing       | |  1.7
Dodging        | |  2.6

Action                   |  1- 3 |  4- 6 |  7- 9 | 10-12 || total
-------------------------+-------+-------+-------+-------++-------
Melee: War axe           |    92 |    19 |       |       ||   111
       Punch             |     1 |     2 |     1 |     1 ||     5
       Tailslap          |       |     3 |     1 |     5 ||     9
       Unarmed           |       |       |     4 |    32 ||    36
       Headbutt          |       |       |       |     2 ||     2
 Fire: Hunting sling     |       |    72 |   367 |   152 ||   591
Invok: Lunge             |       |     1 |       |       ||     1
       Whirlwind         |       |       |       |     4 ||     4
Evoke: Wand              |       |       |       |     8 ||     8
  Use: Scroll            |     2 |     1 |    14 |     1 ||    18
       Potion            |       |       |       |     7 ||     7
 Stab: Sleeping          |     1 |       |       |       ||     1
Armor: Leather armour    |    32 |       |       |       ||    32
       Ring mail         |    10 |     4 |       |       ||    14
       Plate armour      |       |    36 |    74 |    48 ||   158
       Skin              |       |       |       |     7 ||     7
Dodge: Dodged            |    90 |    12 |    30 |    30 ||   162
Block: Buckler           |       |       |       |     4 ||     4
